 Dungeon Crawl Stone Soup version 0.26.0-3-g156281e41b (webtiles) character file.

Game seed: 9528825249500885443

6 runemasterragnar the Sneak (level 1, 0/19 HPs)
             Began as a Ghoul Delver on Jan 9, 2021.
             Slain by an ice beast (6 damage)
             ... on level 5 of the Dungeon.
             The game lasted 00:01:03 (417 turns).

runemasterragnar the Sneak (Ghoul Delver)            Turns: 417, Time: 00:01:03

Health: 0/19       AC:  3    Str: 15    XL:     1   Next: 90%
Magic:  0/0        EV: 12    Int:  5    God:
Gold:   0          SH:  0    Dex: 10    Spells: 0/0 levels left

rFire    . . .     SeeInvis .     - Unarmed
rCold    + . .     Faith    .   (no shield)
rNeg     + + +     Spirit   .   a - +0 leather armour
rPois    ∞         Reflect  .   (no helmet)
rElec    .         Harm     .   (no cloak)
rCorr    .         Rampage  .   (no gloves)
Will     .....                  (no boots)
Stlth    +++.......             (no amulet)
HPRegen  0.00/turn              (no ring)
MPRegen  0.07/turn              (no ring)

@: hasted, very quick
A: claws 1, cold resistance 1, negative energy resistance 3, inhibited
regeneration, torment resistance, unbreathing
a: no special abilities


You were on level 5 of the Dungeon.
You visited 1 branch of the dungeon, and saw 1 of its levels.

Inventory:

Armour
 a - a +0 leather armour (worn)
Wands
 f - a wand of digging (3)
Scrolls
 b - a scroll of fog
 c - 2 scrolls of magic mapping


   Skills:
 + Level 3.5 Fighting
 + Level 2.1 Dodging
 - Level 5.4 Stealth
 - Level 2.1 Unarmed Combat


You couldn't memorise any spells.
You didn't know any spells.
Your spell library was empty.

Dungeon Overview and Level Annotations

Branches:
Dungeon (5/15)             Temple (0/1) D:5

Altars:

Annotations:
D:5 2 transporters, guppyfry's ghost, amateur SpAM


Innate Abilities, Weirdness & Mutations

You thrive by killing the living.
You are immune to poison.
You have sharp fingernails.
Your flesh is cold resistant. (rC+)
You are immune to negative energy. (rN+++)
You do not regenerate when monsters are visible.
You are immune to unholy pain and torment.
You can survive without breathing.


Message History

You closely miss the leopard gecko.
The leopard gecko is heavily wounded.
The leopard gecko bites you but does no damage.
You closely miss the leopard gecko.
The leopard gecko is heavily wounded.
The leopard gecko closely misses you.
You barely miss the leopard gecko.
The leopard gecko is heavily wounded.
The leopard gecko barely misses you.
You closely miss the leopard gecko.
The leopard gecko is heavily wounded.
The leopard gecko bites you. x2
You scratch the leopard gecko.
You kill the leopard gecko!
You scratch the ice beast but do no damage.
The ice beast barely misses you.
Okay, then.
You feel yourself speed up. The ice beast hits you. The ice beast freezes you.
You resist.
You die...

##### ... #Y#
#@# #.# #.# #.#
#W# . #.#
..#####.########
...............
.............##


You could see a phantom and an ice beast.

Vanquished Creatures
  A leopard gecko (D:5)
  2 orcs (D:5)
3 creatures vanquished.

Notes
Turn   | Place    | Note
-------+----------+-------------------------------------------
     0 | D:5      | runemasterragnar the Ghoul Delver began the quest for the
                  | Orb.
     0 | D:5      | Reached XP level 1. HP: 19/19 MP: 0/0
     0 | D:5      | Found a transporter.
    13 | D:5      | Noticed a crimson imp
    22 | D:5      | Found a transporter.
    47 | D:5      | Found a staircase to the Ecumenical Temple.
    47 | D:5      | Noticed a killer bee
    48 | D:5      | Noticed a killer bee
    49 | D:5      | Noticed a killer bee
    49 | D:5      | Noticed a killer bee
    49 | D:5      | Noticed a killer bee
    67 | D:5      | Noticed an iron imp
    98 | D:5      | Noticed an orc wizard
   120 | D:5      | Noticed a phantom
   372 | D:5      | Noticed guppyfry's ghost (amateur SpAM)
   408 | D:5      | Noticed an ice beast
   417 | D:5      | Slain by an ice beast

Illustrated notes

Levels and vault maps discovered:
D:5:      layout_basic, grunt_temple_overflow_order_and_chaos_1,
          minmay_temple_entry_drinking_statues, gammafunk_ghost_abyssal_escape,
          dk_noncrumbling_3, uniq_duvessa

Skill      XL: |  1 |
---------------+----+-----
Dodging        | 2 |  2.1
Fighting       | |  3.5
Stealth        | |  5.4
Unarmed Combat | |  2.1

Action                   || total
-------------------------++-------
Melee: Unarmed           ||    26
  Use: Scroll            ||     1
       Potion            ||     1
Armor: Leather armour    ||     2
Dodge: Dodged            ||    13
